AoeStats
← ricardo.412

Arabia

510840451Analyzed
2v2 RM · 23h ago on Oct 2, 2026· 70m 53s· 4 players
Game mode
Random Map
Map size
Medium (4 player)
Population
200
Speed
Normal
Resources
Standard
Victory
Conquest
Starting age
Dark Age
Ending age
Imperial Age
RankedLock teamsTeams togetherTeam positionsShared explorationLock speedFull tech treeHidden civsTurbo modeCheats
Victory
Defeat
🇬🇧 Mongols · United Kingdom
838
+17
🇬🇧 Magyars · United Kingdom
806
+18
🇨🇱 Celts · Chile
907
-19
🇨🇱 Franks · Chile
815
-29
sabway07
9:33 Loom
11:19 Feudal Age
13:26 Double-Bit Axe
21:25 Castle Age
20:17 Bloodlines
26:16 Husbandry
26:27 Scale Barding Armor
26:15 Fletching
54:34 Light Cavalry
officialtanzeel
7:51 Loom
9:38 Feudal Age
10:33 Town Watch
16:04 Horse Collar
16:12 Double-Bit Axe
24:14 Castle Age
24:03 Gold Mining
24:07 Stone Mining
24:11 Fletching
24:21 Padded Archer Armor
24:30 Fletching
24:40 Padded Archer Armor
24:37 Fletching
24:47 Padded Archer Armor
25:57 Wheelbarrow
25:43 Bloodlines
26:37 Bow Saw
27:26 Heavy Plow
28:31 Bodkin Arrow
28:51 Leather Archer Armor
30:30 Hand Cart
34:04 Thumb Ring
35:28 Scale Barding Armor
35:33 Forging
37:40 Ballistics
38:16 Husbandry
37:38 Light Cavalry
41:31 Imperial Age
40:01 Masonry
39:48 Murder Holes
41:23 Town Patrol
43:10 Bracer
43:31 Chain Barding Armor
43:46 Iron Casting
42:59 Hussar
43:03 Elite Mangudai
44:05 Conscription
44:22 Hoardings
43:49 Nomads
46:52 Chemistry
52:08 Blast Furnace
56:09 Parthian Tactics
66:35 Pikeman
67:17 Squires
kito
10:00 Feudal Age
10:13 Man-at-Arms
11:34 Horse Collar
12:49 Gold Mining
13:29 Horse Collar
17:29 Loom
17:38 Double-Bit Axe
23:55 Castle Age
24:06 Elite Skirmisher
24:09 Long Swordsman
24:13 Pikeman
25:04 Scale Mail Armor
25:15 Forging
25:07 Padded Archer Armor
28:27 Iron Casting
28:08 Chain Mail Armor
28:10 Leather Archer Armor
28:57 Gambesons
28:59 Arson
33:17 Fletching
35:18 Bow Saw
35:15 Heavy Plow
35:53 Gold Shaft Mining
35:08 Stone Mining
47:09 Imperial Age
44:37 Bodkin Arrow
47:16 Heavy Scorpion
51:18 Halberdier
54:04 Wheelbarrow
56:32 Caravan
58:58 Ballistics
59:38 Chemistry
59:12 Ring Archer Armor
62:58 Hand Cart
ricardo.412
12:05 Feudal Age
11:18 Loom
12:34 Double-Bit Axe
16:17 Gold Mining
17:33 Wheelbarrow
16:44 Town Watch
19:49 Stone Mining
22:39 Castle Age
23:55 Husbandry
26:20 Hand Cart
28:06 Gold Shaft Mining
30:46 Forging
30:39 Scale Mail Armor
30:45 Scale Barding Armor
45:37 Imperial Age
45:14 Chain Barding Armor
45:09 Chain Mail Armor
45:30 Iron Casting
46:34 Cavalier
52:10 Ordonnance Companies
52:22 Paladin
55:38 Blast Furnace
55:09 Plate Mail Armor
55:15 Plate Barding Armor
55:29 Plate Barding Armor
55:29 Treadmill Crane
56:00 Masonry
56:11 Ballistics
57:12 Coinage
56:42 Caravan
63:55 Padded Archer Armor
64:28 Architecture
66:47 Caravan
67:18 Banking
Connection lost

Rejoining the realm…

Still unreachable

The connection could not be restored.

Session expired

The server has moved on; the page needs a fresh start.